 Dungeon Crawl Stone Soup version 0.31-a0-150-g89dc3ad700 (webtiles) character file.

Game seed: 7342043114504080305

723 qw the Skirmisher (level 7, -5/60 HPs)
             Began as a Minotaur Hunter on June 8, 2023.
             Slain by a gnoll bouda
             ... wielding a +0 quarterstaff
              (7 damage)
             ... on level 7 of the Dungeon.
             The game lasted 00:01:16 (3428 turns).

qw the Skirmisher (Minotaur Hunter)                 Turns: 3428, Time: 00:01:16

Health: -5/60      AC:  6    Str: 16    XL:     7   Next: 43%
Magic:  0/6        EV: 11    Int:  6    God:
Gold:   104        SH:  0    Dex: 15    Spells: 6/6 levels left

rFire   . . .        Y - +0 shortbow
rCold   + . .        (shield currently unavailable)
rNeg    . . .        d - +0 ring mail
rPois   .            (helmet restricted)
rElec   .            (no cloak)
rCorr   .            (no gloves)
SInv    .            (no boots)
Will    .....        b - amulet of guardian spirit
Stlth   +            g - ring of protection from cold
HPRegen 0.30/turn    (no ring)
MPRegen 0.10/turn

%: guardian spirit
@: weakened
A: horns 2, retaliatory headbutt
a: no special abilities


You were on level 7 of the Dungeon.
You visited 1 branch of the dungeon, and saw 5 of its levels.

You collected 104 gold pieces.


Innate Abilities, Weirdness & Mutations

You have a pair of horns on your head.
You reflexively headbutt those who attack you in melee.


   Skills:
 + Level 4.6 Fighting
 - Level 8.1 Ranged Weapons
 - Level 4.9 Armour
 - Level 2.1 Dodging
 - Level 0.7 Stealth


You had 6 spell levels left.
You didn't know any spells.
Your spell library was empty.

Inventory:

Hand Weapons
 Y - a +0 shortbow (weapon)
Armour
 d - a +0 ring mail (worn)
Jewellery
 b - an amulet of guardian spirit (around neck)
 g - a ring of protection from cold (left hand)
Potions
 c - a potion of haste {unknown}
 e - a potion of lignification {unknown}
 f - a potion of magic {unknown}
 i - 2 potions of curing
 j - a potion of ambrosia {unknown}
 k - a potion of cancellation {unknown}
 l - a potion of invisibility {unknown}

Dungeon Overview and Level Annotations

Branches:
Dungeon (4/15)             Temple (0/1) D:4

Altars:
Ashenzari
Xom


Message History

The arrow hits the gnoll bouda but does no damage.
The gnoll bouda is heavily wounded.
You shoot an arrow.
The arrow hits the gnoll bouda but does no damage.
The gnoll bouda is heavily wounded.
You shoot an arrow.
The arrow hits the gnoll bouda but does no damage.
The gnoll bouda is heavily wounded.
The gnoll bouda hits you with a +0 quarterstaff!
You shoot an arrow.
The arrow closely misses the gnoll bouda.
The gnoll bouda barely misses you.
You shoot an arrow.
The arrow barely misses the gnoll bouda.
The gnoll bouda hits you with a +0 quarterstaff!
You shoot an arrow.
The arrow barely misses the gnoll bouda.
The gnoll bouda barely misses you.
You shoot an arrow. The arrow hits the gnoll bouda!
The gnoll bouda is severely wounded.
The gnoll bouda hits you with a +0 quarterstaff!
You shoot an arrow.
The arrow closely misses the gnoll bouda.
The gnoll bouda gazes fiercely through you!
You feel your attacks grow feeble.
The gnoll bouda hits you with a +0 quarterstaff!
The gnoll bouda utters an invocation to its god.
The gnoll bouda is healed somewhat.
You shoot an arrow.
The arrow hits the gnoll bouda but does no damage.
The gnoll bouda is heavily wounded.
The gnoll bouda misses you. You furiously retaliate!
You headbutt the gnoll bouda. You shoot an arrow.
The arrow barely misses the gnoll bouda.
The gnoll bouda hits you with a +0 quarterstaff.
You shoot an arrow. The arrow hits the gnoll bouda!
The gnoll bouda is almost dead.
The gnoll bouda hits you with a +0 quarterstaff!
You die...

#########
####.......#
#.....%@%#.#
#.######g#
#.+ ... ..#
..... ##.#
....... ..#
..$.... #.#
.###.## #..
.. +#


You could see a gnoll bouda.

Vanquished Creatures
  Grinder (D:3)
  An ice beast (D:7)
  2 bullfrogs (D:7)
  A scorpion (D:3)
  2 howler monkeys (D:7)
  Jessica (D:2)
  An orc wizard (D:3)
  A gnoll (D:1)
  4 adders
  3 worms (D:2)
  3 dart slugs
  4 orcs (D:3)
  7 ball pythons
  2 bats
  5 endoplasms
  A giant cockroach (D:3)
  6 goblins
  5 hobgoblins
  2 jackals (D:1)
  3 kobolds
  4 quokkas
  5 frilled lizards
  7 rats
71 creatures vanquished.

Notes
Turn   | Place    | Note
-------+----------+-------------------------------------------
     0 | D:1      | qw the Minotaur Hunter began the quest for the Orb.
     0 | D:1      | Reached XP level 1. HP: 18/18 MP: 0/0
     0 | D:1      | 0 ||| qw: Version: 0.2-a-119-g0488c42
     0 | D:1      | 0 ||| qw: Game counter: 2743
     0 | D:1      | 0 ||| qw: Always use a shield: true
     0 | D:1      | 0 ||| qw: God list: Okawaru
     0 | D:1      | 0 ||| qw: Allow faded altars: false
     0 | D:1      | 0 ||| qw: Do Orc after D:15 true
     0 | D:1      | 0 ||| qw: Do second Lair branch before Depths: true
     0 | D:1      | 0 ||| qw: Lair rune preference: random
     0 | D:1      | 0 ||| qw: Plans: Normal
     0 | D:1      | 0 ||| PLANNING D:1-11
   274 | D:1      | Reached XP level 2. HP: 25/25 MP: 1/1
   357 | D:1      | Reached skill level 5 in Ranged Weapons
   588 | D:1      | Reached skill level 3 in Fighting
   666 | D:1      | Reached XP level 3. HP: 31/31 MP: 2/2
  1009 | D:1      | 1009 ||| UPGRADING to ring of protection from cold.
  1022 | D:1      | 1022 ||| READING 2 scrolls labelled KIJYNEIMULL.
  1023 | D:1      | 1023 ||| READING scroll labelled HUFIUB MYGUS.
  1035 | D:1      | 1035 ||| READING scroll labelled WAMURCHIRRI.
  1043 | D:1      | 1043 ||| DROPPING scroll of poison.
  1045 | D:1      | 1045 ||| DROPPING scroll of butterflies.
  1083 | D:2      | Found a broken altar of Ashenzari.
  1360 | D:2      | Reached XP level 4. HP: 31/38 MP: 3/3
  1429 | D:2      | Reached skill level 6 in Ranged Weapons
  1495 | D:2      | Noticed Jessica
  1502 | D:2      | Killed Jessica
  1613 | D:2      | 1613 ||| UPGRADING to +0 ring mail.
  1623 | D:2      | 1623 ||| DROPPING +0 leather armour.
  1624 | D:2      | 1624 ||| UPGRADING to amulet of guardian spirit.
  1629 | D:2      | 1629 ||| READING scroll labelled NUGUAW IGULY.
  1630 | D:2      | 1630 ||| DRINKING 2 green potions.
  1686 | D:3      | Noticed Grinder
  1687 | D:3      | Paralysed by Grinder for 3 turns
  1693 | D:3      | Paralysed by Grinder for 2 turns
  1702 | D:3      | HP: 9/40 [Grinder (3)]
  1703 | D:3      | 1703 ||| READING 2 scrolls of teleportation.
  1703 | D:3      | HP: 1/40 [Grinder (9)]
  1705 | D:3      | Killed Grinder
  1706 | D:3      | Reached XP level 5. HP: 2/46 MP: 1/4
  1706 | D:3      | Reached XP level 6. HP: 2/52 MP: 1/5
  2145 | D:3      | Found a shimmering altar of Xom.
  2398 | D:3      | Found a faded altar of an unknown god.
  2398 | D:3      | Noticed a rust devil
  2526 | D:3      | 2526 ||| DRINKING 3 potions of curing.
  2526 | D:3      | 2526 ||| (to cure confusion)
  2555 | D:3      | HP: 13/52 [something/puff of flame (7)]
  2964 | D:3      | 2964 ||| DROPPING amulet of magic regeneration.
  2998 | D:4      | 2998 ||| PLANNING SEWER
  3004 | D:4      | 3004 ||| STAIRDANCE
  3010 | D:3      | HP: 13/52 [iguana (9)]
  3011 | D:3      | 3011 ||| READING scroll of teleportation.
  3171 | D:4      | Found a staircase to the Ecumenical Temple.
  3255 | D:4      | You fall into a shaft and drop 3 floors!
  3264 | D:7      | Noticed an ice beast
  3269 | D:7      | Reached skill level 7 in Ranged Weapons
  3287 | D:7      | Reached XP level 7. HP: 36/59 MP: 3/6
  3298 | D:7      | Reached skill level 8 in Ranged Weapons
  3305 | D:7      | HP: 13/59 [bullfrog (3)]
  3307 | D:7      | HP: 5/59 [bullfrog (3)]
  3424 | D:7      | HP: 10/60 [gnoll bouda/+0 quarterstaff (9)]
  3425 | D:7      | HP: 4/60 [gnoll bouda/+0 quarterstaff (6)]
  3428 | D:7      | Slain by a gnoll bouda

Levels and vault maps discovered:
D:1:      lightli_molten_gateway, layout_basic, chequers_serial_rivers_micro_b,
          minmay_misc_feat_tower, minmay_pentomino_r4
D:2:      layout_basic, basic_altar, nicolae_wormholes, uniq_jessica
D:3:      minmay_spotlight, layout_basic, mainiacjoe_overflow_surrounded_room,
          dreamdust_ecumenical_altar_sealed_demon, lightli_corner_chamber,
          uniq_grinder
D:4:      layout_cave_pools, jmf_multi_god_temple2, trog_butcher_becter,
          minmay_temple_entry_drinking_statues, portal_sewer_entry_f
D:7:      gammafunk_steamed_eel, layout_basic, general_overflow_altar,
          mainiacjoe_overflow_alcove_1, mainiacjoe_overflow_small_starburst,
          serial_shops, shop, dreamdust_gnoll_shepherd

Skill      XL: |  1  2  3  4  5  6  7 |
---------------+----------------------+-----
Ranged Weapons | 5 6 7 8 |  8.1
Fighting       | 3 4 |  4.6
Armour         | 4 |  4.9
Dodging        | |  2.1
Stealth        | |  0.7

Action                     |  1- 3 |  4- 6 |  7- 9 || total
---------------------------+-------+-------+-------++-------
   Fire: Shortbow          |   126 |   163 |    33 ||   322
    Use: Scroll            |     3 |     3 |       ||     6
         Potion            |       |     2 |       ||     2
 Armour: Leather armour    |     8 |     2 |       ||    10
         Ring mail         |       |    48 |     4 ||    52
  Dodge: Dodged            |    18 |    32 |    13 ||    63

Table legend:
 A = Non-vault XP
 B = Vault XP
 C = Vault XP percentage of total XP
 D = Non-vault monster count
 E = Vault monster count
 F = Vault count percentage of total count
                 A         B        C        D         E       F
            +---------+---------+-------+---------+---------+-------
      Total |     695 |     339 |  32.8 |      60 |      11 |  15.5
            +---------+---------+-------+---------+---------+-------
        D:1 |      48 |       3 |   5.9 |      19 |       2 |   9.5
        D:2 |      65 |      47 |  42.0 |      16 |       3 |  15.8
        D:3 |     163 |     285 |  63.6 |      19 |       4 |  17.4
        D:4 |       1 |       4 |  80.0 |       1 |       2 |  66.7
        D:7 |     418 |       0 |   0.0 |       5 |       0 |   0.0
            +---------+---------+-------+---------+---------+-------
